 Dungeon Crawl Stone Soup version 0.28-a0-258-g8de209e91f (webtiles) character file.

Game seed: 13515542228798963680

2380 bande the Shield-Bearer (level 9, -1/54 HPs)
             Began as a Gargoyle Fighter on Aug 26, 2021.
             Was a Believer of Okawaru.
             Slain by an orc warrior (6 damage)
             ... on level 7 of the Dungeon.
             The game lasted 00:14:14 (8616 turns).

bande the Shield-Bearer (Gargoyle Fighter)          Turns: 8616, Time: 00:14:14

Health: -1/54      AC: 30    Str: 23    XL:     9   Next: 45%
Magic:  12/12      EV:  5    Int:  8    God:    Okawaru [**....]
Gold:   430        SH: 15    Dex: 10    Spells: 8/8 levels left

rFire   . . .      SeeInvis .   a - +0 war axe
rCold   . . .      Faith    .   c - +1 kite shield
rNeg    + . .      Spirit   .   m - +0 plate armour
rPois   ∞          Reflect  +   b - +0 helmet
rElec   +          Harm     .   l - +2 cloak
rCorr   .          Rampage  .   (no gloves)
Will    .....                   g - +2 pair of boots {Stlth+}
Stlth   ..........              k - amulet of reflection
HPRegen 0.18/turn               w - +4 ring of protection
MPRegen 0.13/turn               (no ring)

@: no status effects
A: sickness immunity, AC +6, negative energy resistance 1, electricity
resistance, torment resistance 1, petrification resistance
a: Renounce Religion, Heroism


You were on level 7 of the Dungeon.
You worshipped Okawaru.
Okawaru was pleased with you.
You visited 1 branch of the dungeon, and saw 7 of its levels.

You collected 430 gold pieces.

Inventory:

Hand Weapons
 a - a +0 war axe (weapon)
 f - a +0 flail
 u - a +2 broad axe of electrocution
Missiles
 p - 3 throwing nets (quivered)
Armour
 b - a +0 helmet (worn)
 c - a +1 kite shield (worn)
 g - a +2 pair of boots of stealth (worn)
 l - a +2 cloak (worn)
 m - a +0 plate armour (worn)
Jewellery
 k - an amulet of reflection (around neck)
 w - a +4 ring of protection (left hand)
Scrolls
 i - a scroll of identify
 n - a scroll of blinking
 q - a scroll of enchant armour
 y - a scroll of magic mapping
Potions
 d - 2 potions of might
 e - 3 potions of resistance
 h - a potion of curing
 j - a potion of heal wounds
 o - a potion of flight
 r - a potion of haste
 s - a potion of invisibility
 t - a potion of mutation
 v - a potion of ambrosia
 x - a potion of lignification
 z - a potion of berserk rage


   Skills:
 + Level 5.6 Fighting
 + Level 7.1 Axes
 + Level 6.0 Armour
 - Level 0.7 Dodging
 + Level 7.1 Shields
 * Level 4.9 Invocations


You had 8 spell levels left.
You didn't know any spells.
Your spell library contained the following spells:

 Spells                   Type           Power      Damage    Failure   Level
 Orb of Destruction       Conj           0%         N/A       100%        7
 Summon Guardian Golem    Hex/Summ       Unusable   N/A       N/A         3
 Spellforged Servitor     Conj/Summ      Unusable   N/A       N/A         7

Dungeon Overview and Level Annotations

Branches:
Dungeon (7/15)
 Temple: D:4-7

Altars:
Cheibriados
Okawaru
Wu Jian
The Shining One


Innate Abilities, Weirdness & Mutations

You are immune to sickness and miasma.
Your stone body is resilient. (AC +6)
You are immune to poison.
You resist negative energy. (rN+)
You are resistant to electric shocks. (rElec)
You are resistant to unholy torment.
You are immune to petrification.


Message History

You block the orc warrior's attack.
You hit the orc warrior but do no damage.
The orc warrior is heavily wounded.
You block the orc warrior's attack.
You barely miss the orc warrior.
The orc warrior is heavily wounded.
The orc warrior hits you with a +0 glaive!
The orc warrior barely misses you.
You slash the orc warrior!
The orc warrior is severely wounded.
You block the orc warrior's attack.
You hit the orc warrior but do no damage.
The orc warrior is severely wounded.
You block the orc warrior's attack.
You hit the orc warrior.
The orc warrior is almost dead.
The orc warrior hits you with a +0 glaive!
* * * LOW HITPOINT WARNING * * *
You are too injured to fight recklessly!
You are too injured to fight recklessly!
You are too injured to fight recklessly!
You are too injured to fight recklessly!
You are too injured to fight recklessly!
You are too injured to fight recklessly!
You are too injured to fight recklessly!
You are too injured to fight recklessly!
You closely miss the orc warrior.
The orc warrior is almost dead.
The orc warrior hits you with a +0 glaive!
* * * LOW HITPOINT WARNING * * *
You block the orc warrior's attack.
Your shield and plate armour prevent you from hitting the orc warrior.
The orc warrior is almost dead.
You block the orc warrior's attack. You block the orc warrior's attack.
Things that are here:
a +0 leather armour; a +0 mace
There is a stone staircase leading up here.
The orc warrior hits you from afar with a +0 glaive.
You die...

#.....##...
#........# #......#
##########.....##..
....................
..........[.........
.........o....####..
#....#..##...# #
#... #@......#
..........#....#
......#...##.###
.....##.### .# >....
..# ## .... ... ..#
...# ## #..#


You could see an orc warrior.

Vanquished Creatures
  Grinder (D:3)
  Menkaure (D:7)
  The ghost of RandomusNamus the Skirmisher, an amateur GrFi (D:6)
  A water moccasin (D:6)
  An orc warrior (D:5)
  2 necrophages
  An ice beast (D:6)
  2 black bears (D:4)
  A centaur (D:6)
  An ogre (D:4)
  A phantom (D:5)
  2 kobold brigands (D:4)
  A scorpion (D:4)
  A howler monkey (D:5)
  A centaur zombie (D:6)
  2 hounds (D:5)
  2 jellies
  3 orc priests
  An iguana (D:6)
  A scorpion zombie (D:5)
  8 orc wizards
  2 hound skeletons
  4 adders
  13 gnolls
  2 shadow imps
  A worm (D:2)
  An adder skeleton (D:4)
  5 dart slugs
  19 orcs
  7 ball pythons
  5 endoplasms
  2 giant cockroaches
  11 goblins
  7 hobgoblins
  12 jackals
  38 kobolds
  4 quokkas
  6 bats
  2 frilled lizards
  3 rats
179 creatures vanquished.

Notes
Turn   | Place    | Note
-------+----------+-------------------------------------------
     0 | D:1      | bande the Gargoyle Fighter began the quest for the Orb.
     0 | D:1      | Reached XP level 1. HP: 14/14 MP: 1/1
   493 | D:1      | Reached XP level 2. HP: 16/19 MP: 2/2
  1221 | D:1      | Reached XP level 3. HP: 23/23 MP: 3/3
  1988 | D:1      | Reached XP level 4. HP: 18/29 MP: 4/4
  2906 | D:3      | Reached XP level 5. HP: 30/33 MP: 5/5
  3458 | D:3      | Noticed Grinder
  3463 | D:3      | Killed Grinder
  3464 | D:3      | Reached XP level 6. HP: 35/39 MP: 6/6
  3539 | D:3      | Found a snail-covered altar of Cheibriados.
  3558 | D:3      | Found an iron altar of Okawaru.
  3613 | D:3      | Became a worshipper of Warmaster Okawaru
  3986 | D:4      | Noticed a black bear
  4174 | D:4      | Identified the +2 whip "Beastbane" {holy, rPois Str+4
                  | Stlth+}
  4247 | D:4      | Killed a black bear
  4248 | D:4      | Reached skill level 1 in Invocations
  4248 | D:4      | Reached XP level 7. HP: 34/44 MP: 7/7
  4414 | D:4      | Reached skill level 5 in Axes
  4502 | D:4      | Reached skill level 5 in Shields
  4554 | D:4      | Found a glowing golden altar of the Shining One.
  4634 | D:4      | Reached * piety under Okawaru
  4782 | D:4      | Found an ornate altar of the Wu Jian Council.
  4977 | D:4      | Reached XP level 8. HP: 48/48 MP: 9/9
  4982 | D:4      | Reached skill level 5 in Armour
  5866 | D:5      | Entered Level 5 of the Dungeon
  6042 | D:5      | Reached skill level 5 in Fighting
  7129 | D:5      | Reached ** piety under Okawaru
  7442 | D:6      | Reached XP level 9. HP: 41/54 MP: 12/12
  7752 | D:6      | Identified a scroll of acquirement
  7752 | D:6      | Acquired a +2 broad axe of electrocution
  7976 | D:6      | Found a runed translucent door.
  8021 | D:6      | Noticed RandomusNamus's ghost (amateur GrFi)
  8036 | D:6      | Killed RandomusNamus's ghost
  8405 | D:7      | Noticed Menkaure
  8416 | D:7      | Killed Menkaure
  8616 | D:7      | Slain by an orc warrior

Illustrated notes

Levels and vault maps discovered:
D:1:      dpeg_arrival_three_same_balls, layout_basic
D:2:      layout_rooms, hangedman_decor_clover_reticule
D:3:      layout_loops_corners, mainiacjoe_overflow_large_starburst,
          uniq_grinder
D:4:      minmay_goblin_kobold_castle, layout_rooms,
          mainiacjoe_overflow_six_doors_small, lemuel_doored_altar,
          serial_corexii_hall, chequers_hall_statues_corner_a,
          corexii_hall_statues_s
D:5:      layout_layer_cave, mrwooster_statue_mirror
D:6:      layout_cave_pools, ebering_ghost_reflecting_pool, minivault_1,
          minmay_a_box_with_orc_wizards_in_it
D:7:      lemuel_insect_pit, layout_cave_pools, minmay_temple_entry_statues,
          chequers_serial_rivers_room_a, uniq_menkaure

Skill      XL: |  1  2  3  4  5  6  7  8  9 |
---------------+----------------------------+-----
Axes           | 2 4 5 6 7 |  7.1
Armour         | 4 5 6 |  6.0
Fighting       | 4 5 |  5.6
Shields        | 4 5 6 7 |  7.1
Invocations    | 1 2 4 |  4.9
Dodging        | |  0.7

Action                   |  1- 3 |  4- 6 |  7- 9 || total
-------------------------+-------+-------+-------++-------
Melee: War axe           |    93 |   141 |   427 ||   661
  Use: Scroll            |     3 |     2 |    12 ||    17
Armor: Scale mail        |    69 |    72 |       ||   141
       Plate armour      |       |    53 |   360 ||   413
Dodge: Dodged            |    40 |    45 |    88 ||   173
Block: Kite shield       |    45 |    96 |   414 ||   555
       Reflection        |       |     1 |    11 ||    12

Table legend: (Time is in decaauts)
 A = Elapsed time spent in this place.
 B = Non-inter-level travel time spent in this place.
 C = Inter-level travel time spent in this place.
 D = Time resting spent in this place.
 E = Time spent auto-exploring this place.
 F = Levels seen in this place.
 G = Mean time per level.
                   A        B        C        D        E       F      G
               +--------+--------+--------+--------+--------+-----+--------+
         Total |   8937 |   8921 |     16 |   1617 |   5299 |   7 | 1276.7 |
       Dungeon |   8937 |   8921 |     16 |   1617 |   5299 |   7 | 1276.7 |
               +--------+--------+--------+--------+--------+-----+--------+

Top non-repeatable levels by time:
     D:1: 2173 daAuts
     D:4: 1768 daAuts
     D:5: 1549 daAuts
     D:3: 1339 daAuts
     D:6: 1224 daAuts
     D:2: 810 daAuts
     D:7: 71 daAuts
